 Dungeon Crawl Stone Soup version 0.24-a0-416-g56ce5178b7 (webtiles) character file.

Game seed: 415539655990668091

30 Amnesiac the Changer (level 3, 0/23 HPs)
             Began as an Octopode Transmuter on June 9, 2019.
             Succumbed to an adder's poison
             ... on level 3 of the Dungeon.
             The game lasted 00:02:05 (643 turns).

Amnesiac the Changer (Octopode Transmuter)           Turns: 643, Time: 00:02:05

Health: 0/23       AC:  1    Str:  9    XL:     3   Next: 18%
Magic:  3/6        EV: 28    Int: 15    God:
Gold:   19         SH:  0    Dex: 13    Spells: 3/6 levels left

rFire    . . .     SeeInvis .     - Unarmed
rCold    . . .     Gourm    .   (no shield)
rNeg     . . .     Faith    .   (helmet restricted)
rPois    .         Spirit   .   g - amulet of the acrobat
rElec    .         Reflect  .   (no ring)
rCorr    .         Harm     .   (no ring)
MR       .....                  (no ring)
Stlth    ++........             (no ring)
HPRegen  0.07/turn              (no ring)
MPRegen  0.10/turn              (no ring)
                                (no ring)
                                (no ring)

@: lethally poisoned (0 -> -3), acrobat
A: almost no armour, stealthy swim, amphibious, 8 rings, constrict 8, camouflage
1, gelatinous body 1
a: no special abilities


You were on level 3 of the Dungeon.
You were not hungry.

You visited 1 branch of the dungeon, and saw 3 of its levels.

You collected 19 gold pieces.

Inventory:

Missiles
 a - 29 arrows
 h - 5 poisoned darts (quivered)
Jewellery
 g - an amulet of the acrobat (around mantle)
Scrolls
 b - a scroll of fog {!r, unknown}
 e - a scroll of enchant armour {!r, unknown}
 f - a scroll of magic mapping {!r, unknown}
 i - a scroll of identify {!r, unknown}
Comestibles
 c - 2 rations
 d - 7 chunks of flesh


   Skills:
 - Level 1.0 Fighting
 - Level 2.0 Dodging
 + Level 3.2 Unarmed Combat
 - Level 2.0 Spellcasting
 + Level 3.3 Transmutations


You had 3 spell levels left.
You knew the following spells:

 Your Spells              Type           Power        Failure   Level  Hunger
a - Beastly Appendage     Tmut           ##....       6%          1    #......
b - Sticks to Snakes      Tmut           ##......     9%          2    ###....

Your spell library contained the following spells:

 Spells                   Type           Power        Failure   Level  Hunger
 Spider Form              Tmut/Pois      #.........   34%         3    ###....
 Ice Form                 Ice/Tmut       #.......     75%         4    #####..
 Blade Hands              Tmut           ##........   85%         5    ######.


Dungeon Overview and Level Annotations

Branches:
Dungeon (3/15)

Altars:


Innate Abilities, Weirdness & Mutations

You cannot wear most types of armour.
You are very stealthy in the water. (Stealth+)
You are amphibious.
You can wear up to eight rings at the same time.
You can use your tentacles to constrict eight enemies at once.
Your skin changes colour to match your surroundings (Stealth+).
Your rubbery body absorbs attacks. (AC +1, EV +1)


Message History

A worm comes into view.
You tentacle-slap the dart slug. You grab the dart slug.
The dart slug is heavily wounded.
You constrict the dart slug. The dart slug closely misses you.
You tentacle-slap the dart slug. You squeeze the dart slug.
You kill the dart slug!
Cast which spell? (? or * to list)
You create a snake!
You now have 30 arrows.
The adder barely misses you.
You miss the adder. You grab the adder. You constrict the adder.
The adder closely misses you.
You swap places.
You release your grip on the adder.
The adder barely misses your ball python.
The adder bites your ball python.
Your ball python dies!
Casting: Sticks to Snakes (safe; 10% risk of failure)
Confirm with . or Enter, or press ? or * to list all spells.
You create a snake!
You now have 29 arrows.
The adder bites you.
You are poisoned.
The adder poisons you!
You closely miss the adder. You grab the adder.
The adder is lightly wounded.
You constrict the adder.
You feel sick. The adder closely misses you. The adder bites you.
You are more poisoned.
The adder poisons you!
You tentacle-slap the adder. You squeeze the adder.
You kill the adder!
You have reached level 3!
Your experience leads to an increase in your attributes!
Increase (S)trength, (I)ntelligence, or (D)exterity?
You feel agile. The bat hits you. The bat hits you but does no damage.
You tentacle-slap the bat. You grab the bat.
The bat is moderately wounded.
You constrict the bat.
You feel sick. The bat misses you.
The bat escapes!
Something barely misses your ball python.
Something hits your ball python.
You feel sick.
The bat closely misses your ball python. x2
Your ball python grabs the bat.
Your ball python constricts the bat.
The bat struggles to escape constriction.
Your ball python constricts the bat.
The bat dies!
You feel sick.
You tentacle-slap the worm. You grab the worm.
The worm is moderately wounded.
You constrict the worm.
You feel sick. The worm bites you.
You tentacle-slap the worm.
The worm is heavily wounded.
You constrict the worm. You barely miss the worm.
The worm is heavily wounded.
You constrict the worm. The worm bites you!
* * * LOW HITPOINT WARNING * * *
You tentacle-slap the worm. You squeeze the worm.
The worm is almost dead.
You constrict the worm.
You kill the worm!
You aren't carrying any potions.
* * * LOW HITPOINT WARNING * * *
You feel sick.
You aren't carrying any potions.
You die...

#.#####.####.##
#.##...........
##########.#.....#
..).....##.#..##.#
#######.##.#..##.#
#.##.......#
#.##.#####S#
#.##.# #.# #..รท.#
#@# ####.# #!# #.#
#.. #.. ..## ####
.## #. .. #.


You could see a friendly ball python.

Vanquished Creatures
  An adder (D:3)
  2 worms
  A dart slug (D:3)
  A giant cockroach (D:1)
  3 hobgoblins
  A bat (D:2)
  A frilled lizard (D:2)
  2 goblins
  2 rats
14 creatures vanquished.

Vanquished Creatures (collateral kills)
  A bat (D:3)
1 creature vanquished.

Grand Total: 15 creatures vanquished

Notes
Turn   | Place    | Note
-------+----------+-------------------------------------------
     0 | D:1      | Amnesiac the Octopode Transmuter began the quest for the
                  | Orb.
     0 | D:1      | Reached XP level 1. HP: 13/13 MP: 3/3
   323 | D:2      | Reached XP level 2. HP: 2/18 MP: 5/5
   327 | D:2      | Learned a level 2 spell: Sticks to Snakes
   626 | D:3      | Reached XP level 3. HP: 17/23 MP: 1/6
   639 | D:3      | HP: 1/23 [poisoned by an adder]
   643 | D:3      | Succumbed to an adder's poison

Levels and vault maps discovered:
D:1:      grunt_arrival_crossed_arrows, layout_loops_ring
D:2:      layout_loops_ring, first_ration, trog_book
D:3:      layout_loops_ring

Skill      XL: |  1  2 |
---------------+-------+-----
Transmutations | 3 |  3.3
Fighting       | |  1.0
Dodging        | |  2.0
Unarmed Combat | |  3.2
Spellcasting   | |  2.0

Action                   || total
-------------------------++-------
Melee: Unarmed           ||    38
       Constrict         ||    13
       Tentacles         ||     7
       Punch             ||     1
Throw: Dart              ||     5
 Cast: Sticks to Snakes  ||     2
 Stab: Sleeping          ||     2
Armor: Skin              ||     3
Dodge: Dodged            ||    17

Table legend:
 A = Non-vault XP
 B = Vault XP
 C = Vault XP percentage of total XP
 D = Non-vault monster count
 E = Vault monster count
 F = Vault count percentage of total count
                 A         B        C        D         E       F
            +---------+---------+-------+---------+---------+-------
      Total |      43 |       0 |   0.0 |      15 |       0 |   0.0
            +---------+---------+-------+---------+---------+-------
        D:1 |       5 |       0 |   0.0 |       3 |       0 |   0.0
        D:2 |      11 |       0 |   0.0 |       6 |       0 |   0.0
        D:3 |      27 |       0 |   0.0 |       6 |       0 |   0.0
            +---------+---------+-------+---------+---------+-------
